[Event "Austrian Women Bundesliga 2023-24"]
[Site "Austria"]
[Date "2024.04.12"]
[Round "7"]
[White "Mandukhai, Myagmarsuren"]
[Black "Papp, Sarah"]
[Result "1-0"]
[ECO "E20"]
[WhiteElo "2083"]
[BlackElo "2281"]
[Annotator "RC"]
[PlyCount "93"]
[EventDate "2023.11.21"]
[EventType "team-tourn"]
[EventCountry "AUT"]
[SourceTitle "playchess.com"]
[Source "ChessBase"]
[SourceQuality "1"]
[TimeControl "40/5400+30:1800+30"]

1. d4 Nf6 2. c4 e6 3. Nc3 Bb4 4. g3 c5 5. Nf3 Nc6 6. Bg2 Ne4 7. Bd2 Nxd2 8. Qxd2 cxd4 9. Nxd4 a6 10. a3 Be7 11. O-O O-O 12. Rfd1 Ne5 13. b3 Rb8 14. Qf4 d6 15. c5 Ng6 16. Qc1 d5 17. c6 Qc7 18. e4 dxe4 19. Bxe4 bxc6 20. b4 c5 21. Nc6 cxb4 22. axb4 Rb6 23. Na4 Rb5 24. Nc3 Rb6 25. Na4 Rb5 26. Nc3 Rh5 27. b5 Rc5 28. Qe3 f5 29. b6 Rxc3 30. Qxc3 Qxb6 31. Nxe7+ Nxe7 32. Rab1 Qa7 33. Bb7 Nd5 34. Qc6 Ne7 35. Qc7 Kf7 36. Rb6 a5 37. Rdd6 a4 38. Qc4 Kg8 39. Bxc8 Nxc8 40. Qxe6+ Kh8 41. Ra6 Qb7 42. Qxf5 Qe7 43. Qe6 Qg5 44. Rdc6 Qd2 45. Qf5 Qd8 46. Qxf8+ Qxf8 47. Ra8 1-0

[Event "Austrian Women Bundesliga 2023-24"]
[Site "Austria"]
[Date "2024.04.12"]
[Round "7"]
[White "Berke, Ana"]
[Black "Babiy, Olga"]
[Result "0-1"]
[ECO "B10"]
[WhiteElo "2066"]
[BlackElo "2306"]
[Annotator "RC"]
[PlyCount "100"]
[EventDate "2023.11.21"]
[EventType "team-tourn"]
[EventCountry "AUT"]
[SourceTitle "playchess.com"]
[Source "ChessBase"]
[SourceQuality "1"]
[TimeControl "40/5400+30:1800+30"]

1. e4 c6 2. c4 d5 3. exd5 cxd5 4. cxd5 Nf6 5. Nc3 Nxd5 6. Nf3 Nc6 7. d4 Bf5 8. Bb5 e6 9. O-O Be7 10. a3 O-O 11. Re1 Rc8 12. Ba4 Bg4 13. Be3 Nxc3 14. bxc3 Na5 15. h3 Bxf3 16. Qxf3 Rxc3 17. Qe4 Bf6 18. Rab1 Rxa3 19. Bc2 g6 20. h4 Qd5 21. Qf4 Bg7 22. Be4 Qd7 23. Red1 b6 24. Rbc1 Qa4 25. Qc7 Qb5 26. d5 exd5 27. Bxd5 Rd3 28. Rxd3 Qxd3 29. Bf3 Nb3 30. Rd1 Qa6 31. h5 gxh5 32. Bxh5 Qa5 33. Bf3 Nc5 34. Qg3 Ne6 35. Qh4 Qe5 36. Be4 f5 37. Bd5 Kh8 38. Qc4 Rd8 39. Rd2 Qa1+ 40. Kh2 Qe5+ 41. g3 Nf8 42. Bg5 Rd7 43. Bf4 Qc3 44. Qe2 Qc5 45. Qf3 Ng6 46. Be6 Rxd2 47. Bxd2 Qd6 48. Qe2 Ne5 49. Bb3 Qxd2 50. Qb5 Ng4+ 0-1

[Event "Austrian Women Bundesliga 2023-24"]
[Site "Austria"]
[Date "2024.04.12"]
[Round "7"]
[White "Rojickova, Monika"]
[Black "Frey, Alisa"]
[Result "1-0"]
[ECO "C78"]
[WhiteElo "2056"]
[BlackElo "2016"]
[Annotator "TA"]
[PlyCount "85"]
[EventDate "2023.11.21"]
[EventType "team-tourn"]
[EventCountry "AUT"]
[SourceTitle "playchess.com"]
[Source "ChessBase"]
[SourceQuality "1"]
[TimeControl "40/5400+30:1800+30"]

1. e4 e5 2. Nf3 Nc6 3. Bb5 a6 4. Ba4 Nf6 5. O-O b5 6. Bb3 Be7 7. d4 d6 8. c3 Bg4 9. Be3 O-O 10. Nbd2 Re8 11. h3 Bc8 12. Ng5 Rf8 {[%emt 0:05:43] White is better.} 13. f4 {[%emt 0:01:13] aiming for fxe5.} exd4 14. cxd4 h6 ({Black should try} 14... Na5 $1 $14) 15. Ngf3 (15. e5 $1 $16 Nxd4 16. Nxf7 (16. Bxd4 dxe5 17. Bxe5 c6 $18) (16. exf6 Bxf6 17. Nxf7 Rxf7 $16) 16... Rxf7 17. Bxf7+ (17. Bxd4 dxe5 18. Bxf7+ Kxf7 $18) 17... Kxf7 18. Bxd4 dxe5 19. Bxe5) 15... Bb7 16. Qe1 $36 {[%emt 0:06:07][%mdl 2048] White is really pushing.} Qd7 17. d5 Nb4 18. Nd4 Nd3 {[%emt 0:07:29] Black is now going downhill.} (18... Rfe8 $16) 19. Qg3 $1 $18 {[%emt 0:00:25] Threatens to win with Nf5.} Nh5 {[%emt 0:05:31] [#]} 20. Qf3 Nf6 {[%emt 0:05:54] [#]} (20... g6 $142 21. Nf5 Kh7 22. Nxe7 Qxe7) 21. Nf5 $1 Kh8 (21... Kh7 {keeps fighting.} 22. Bc2 Nb4) 22. Bd4 Nc5 23. Qg3 Rg8 24. Bc2 {[%emt 0:04:42] Strongly threatening Qh4.} Rae8 (24... Ncxe4 {was called for.} 25. Nxh6 (25. Bxe4 Nxe4 26. Bxg7+ Kh7 $15) (25. Nxe4 Qxf5 26. Nxf6 Qxc2 $16) 25... gxh6 (25... Nxg3 26. Nxf7#)) 25. Qh4 Nh7 26. Qxh6 Bf6 27. Bxf6 gxf6 28. Rae1 Rg6 29. Qh4 c6 (29... a5 $142 30. Nf3 (30. g4 c6 $18) 30... b4) 30. b4 Na4 31. Ne3 Rg7 32. Nf5 {[%emt 0:00:19] Black must now prevent e5.} Rg6 $1 33. Ne3 Rg7 $1 34. Nf3 {[%emt 0:00:37][%cal Oe4e5] Hoping for e5! White is clearly winning.} Nc3 35. Nf5 Rg6 36. Re3 Nxa2 37. Qe1 Reg8 38. N3h4 cxd5 39. exd5 Bxd5 40. Nxg6+ Rxg6 41. Re8+ Rg8 42. Rxg8+ Kxg8 43. Ne7+ {[%emt 0:02:40] Weighted Error Value: White=0.68/Black=0.44.  Mistake:       	White=1     	Black=6      Inaccurate:     	White=1     	Black=5      OK:         	White=12    	Black=6      Strong:       	White=1     	Black=2} 1-0

[Event "Austrian Women Bundesliga 2023-24"]
[Site "Austria"]
[Date "2024.04.12"]
[Round "7"]
[White "Batyte, Daiva"]
[Black "Bruessow, Nina"]
[Result "1-0"]
[ECO "A34"]
[WhiteElo "2046"]
[BlackElo "1884"]
[Annotator "TA"]
[PlyCount "109"]
[EventDate "2023.11.21"]
[EventType "team-tourn"]
[EventCountry "AUT"]
[SourceTitle "playchess.com"]
[Source "ChessBase"]
[SourceQuality "1"]
[TimeControl "40/5400+30:1800+30"]

1. Nf3 Nf6 2. c4 c5 3. Nc3 d5 4. cxd5 Nxd5 5. e4 Nc7 6. d4 cxd4 7. Nxd4 e5 {[%emt 0:01:35] Prevents Bf4.} 8. Ndb5 Qxd1+ 9. Kxd1 Ne6 (9... Nxb5 $14 10. Nxb5 (10. Bxb5+ Nc6 $14) 10... Na6) 10. Bc4 $16 Na6 11. Be3 {[%emt 0:00:43][%cal Od1e2] White is much more active. The black rooks are passive.} Nac7 (11... Bd7 $16 12. Ke2 (12. Bxa7 Be7 $16) (12. Nxa7 Bc5 $16) 12... Nac7) 12. Bxa7 (12. Bxe6 $1 $18 Nxe6 13. Nd5 (13. Bxa7 Bd7 $16)) 12... Be7 (12... Nxb5 $16 13. Bxb5+ Bd7) 13. Nd5 Nxb5 14. Bxb5+ Kf8 15. Bb6 g6 16. Rc1 Bg5 17. Rc3 ({Better is} 17. Rc4 $18) 17... Kg7 (17... Nd4 $16 18. Bc4 Kg7) 18. a4 $18 Bd8 19. Be3 $36 {[%emt 0:00:28][%mdl 2048] White is on the roll.} Bg5 (19... Nd4 $16 20. Bxd4 exd4) 20. h4 Bxe3 21. fxe3 (21. Rxe3 Rd8 $14) (21. Nxe3 Nd4 $14) 21... Rd8 22. Ke2 {[%emt 0:00:44] Hoping for Nb6.} h5 $2 (22... Rb8 23. Nb6 Nf8 24. Nxc8 Rdxc8) 23. Rhc1 Nf8 24. Nb6 Bg4+ 25. Ke1 Rab8 26. Rc7 Ne6 27. Rd7 Nf8 $2 (27... g5 $16 {is a better defense.}) 28. Re7 Ne6 29. Rd7 Nf8 $1 30. Rd5 Kf6 (30... Nh7 {keeps fighting.} 31. Rxe5 Rd6) 31. Rc7 {[%emt 0:01:02] Rxd8 is the strong threat.} Ne6 32. Rcd7 Re8 33. Rd2 {[%emt 0:00:39] Threatens to win with Rf2+.} Rf8 34. Rf2+ Kg7 35. Bc4 Rbd8 36. Bd5 (36. Rxb7 $2 Rd1#) 36... Kg8 37. Rxb7 Nc5 38. Rc7 (38. Rbxf7 Nd3+ 39. Kf1 Rxf7 40. Bxf7+ (40. Rxf7 Rxd5 41. exd5 Kxf7 $11) 40... Kf8 $18) (38. Bxf7+ $2 Rxf7 39. Rd2 Nxb7 $19) 38... Nd3+ 39. Kf1 Nxf2 40. Kxf2 Rb8 41. a5 Kh8 42. Kg3 (42. Bxf7 $2 Kg7 43. Rc6 Rxf7+ 44. Kg3 Rbb7 $19) (42. Rxf7 $2 Rxf7+ 43. Bxf7 Rf8 $19) 42... f5 43. Re7 f4+ 44. exf4 exf4+ {[%emt 0:00:47] [#]} (44... Rxf4 $142 45. Rxe5 Rbf8) 45. Kf2 $1 f3 {[%emt 0:04:09] [#]} 46. g3 $1 Bc8 47. b3 Bg4 48. e5 $2 (48. b4 $18) 48... Rfd8 $1 $11 49. b4 {[%emt 0:00:00][%cal Oe5e6] And now e6! would win.} (49. Bxf3 $2 {perishes.} Rf8 50. Ke3 Rxf3+ (50... Bxf3 $2 51. Kd4 $19) 51. Kd4 Rxb3 $19 (51... Rxg3 $2 52. e6 $19)) (49. e6 $5 Rbc8 $8 50. Nxc8 Rxd5 51. Rf7 Bxe6 52. Rxf3 Rxa5 53. Nd6 $17) 49... Rf8 $2 ({Wrong is} 49... Rxb6 $2 50. axb6 Rxd5 51. Re8+ Kg7 52. b7 $18) (49... Rbc8 $11 50. Nxc8 Rxd5) 50. e6 $18 Rf5 51. Rf7 $2 (51. Bc4 $18) 51... Rxf7 $4 (51... Rxd5 $11 52. Nxd5 Bxe6 53. Rxf3 Bxd5) 52. exf7 {[%emt 0:00:00][%cal Ob4b5] Threatening mate with b5!} Kg7 53. b5 {[%emt 0:00:00][%cal Oa5a6] a6! would kill now.} Kf8 {[%emt 0:01:05] [#]} 54. a6 $1 Rxb6 (54... Rd8 55. a7) 55. a7 {[%emt 0:00:00] Weighted Error Value: White=0.60/Black=0.46.  Loses game:     	---       	Black=1      Mistake:       	White=2     	Black=9      Inaccurate:     	White=2     	---        OK:         	White=14    	Black=10     Best:        	White=2     	Black=5      Strong:       	White=1     	Black=1} (55. Bxf3 $2 {loses.} Rf6 (55... Rxb5 $2 56. Bg2 $19) (55... Kxf7 $2 56. Bc6 $18) 56. Ke3 Rxf3+ $19 (56... Bxf3 $2 57. Kd4 $19)) 1-0

[Event "Austrian Women Bundesliga 2023-24"]
[Site "Austria"]
[Date "2024.04.12"]
[Round "7"]
[White "Hercog, Nusa"]
[Black "Konecny, Sophie"]
[Result "1-0"]
[ECO "E20"]
[WhiteElo "2034"]
[BlackElo "1907"]
[Annotator "TA"]
[PlyCount "75"]
[EventDate "2023.11.21"]
[EventType "team-tourn"]
[EventCountry "AUT"]
[SourceTitle "playchess.com"]
[Source "ChessBase"]
[SourceQuality "1"]
[TimeControl "40/5400+30:1800+30"]

1. d4 Nf6 2. c4 e6 3. Nc3 Bb4 4. Nf3 c5 5. g3 O-O 6. Bg2 d5 7. cxd5 exd5 8. O-O h6 9. Qc2 Re8 {[%emt 0:06:07] The position is equal.} 10. dxc5 Bxc5 11. Rd1 Nc6 12. a3 Be6 13. e3 Bb6 14. b4 Rc8 15. Bb2 Qe7 16. Qd3 Red8 17. Ne2 Bg4 18. h3 Bxf3 19. Bxf3 Ne5 20. Bxe5 Qxe5 21. a4 a6 {[%emt 0:03:56] White now steadily converts the win.} 22. a5 Ba7 23. b5 Ne4 (23... Qd6 $142) 24. b6 Bb8 25. Rac1 Nc5 (25... Rxc1 $16 {was worth a try.} 26. Rxc1 Bd6) 26. Qa3 $18 Ne4 27. Rxc8 Rxc8 28. Qb3 (28. Qa4 $18) 28... Qf5 {[%emt 0:01:42] [#]} (28... Rc5 $16) 29. Kg2 (29. Rxd5 $2 Qxf3 $19) (29. Bxe4 $1 $18 dxe4 30. Qd5 Qxd5 31. Rxd5) 29... Ng5 $2 (29... Rc5 $16 {might work better.}) 30. Bg4 Qe4+ {[%emt 0:00:20] [#]} 31. f3 $1 Qc2 32. Qxc2 (32. Qxd5 $2 Qxe2+ 33. Kh1 Rc2 (33... Bxg3 $2 34. Qd2 $19) 34. Qd8+ Kh7 35. Qd3+ Qxd3 36. Rxd3 h5 (36... Bxg3 $2 37. Rd7 $19) 37. Bxh5 Nxh3 $19 (37... Bxg3 $2 38. Bg4 $19)) 32... Rxc2 33. f4 (33. Kf1 $6 h5 $16) 33... Ne4 (33... f5 $16 34. Bh5 (34. Bxf5 Rxe2+ 35. Kf1 Rxe3 $11) 34... Ne4) 34. Rxd5 Bd6 (34... Rd2 $142 35. Rd4 Rxd4 36. exd4 (36. Nxd4 Nc5 $18) 36... Bd6) 35. Bf3 Nc3 (35... f5 36. g4 (36. Rxf5 Nc3 $18) 36... Bb4 37. Rd8+ (37. Rxf5 Nd6 $18) 37... Kf7 38. gxf5 Nd6 39. Rd7+ Kf8) 36. Rxd6 Nxe2 37. Rd8+ Kh7 38. Be4+ {[%emt 0:00:05] Weighted Error Value: White=0.21 (precise) /Black=0.65.  Loses game:     	---       	Black=1      Mistake:       	White=2     	Black=6      Inaccurate:     	White=2     	Black=4      OK:         	White=12    	Black=8      Best:        	White=2     	---        Strong:       	White=1     	---} 1-0

[Event "Austrian Women Bundesliga 2023-24"]
[Site "Austria"]
[Date "2024.04.12"]
[Round "7"]
[White "Hiebler, Laura"]
[Black "Khrapko, Marharyta"]
[Result "0-1"]
[ECO "A20"]
[WhiteElo "1999"]
[BlackElo "2218"]
[Annotator "TA"]
[PlyCount "94"]
[EventDate "2023.11.21"]
[EventType "team-tourn"]
[EventCountry "AUT"]
[SourceTitle "playchess.com"]
[Source "ChessBase"]
[SourceQuality "1"]
[TimeControl "40/5400+30:1800+30"]

1. c4 e5 2. g3 d6 3. Bg2 f5 4. Nc3 Nf6 5. d3 Be7 6. e4 c6 7. Nge2 O-O 8. O-O Qe8 9. b3 Qh5 {[%emt 0:03:42] The position is equal.} 10. Bb2 f4 11. f3 {[%emt 0:05:17] Dodges Ng4} g5 12. d4 Na6 13. Ba3 Rf7 14. dxe5 (14. c5 $5 dxc5 15. dxe5 $14) 14... dxe5 15. Bxe7 Rxe7 16. Qd6 Re6 17. Qd8+ Qe8 18. Rfd1 Bd7 19. Qxe8+ Rexe8 20. Rd2 Re7 21. Rad1 Kf7 22. Kf2 Rg8 23. a3 h5 24. b4 Nc7 25. a4 {[%emt 0:02:22] [#]} (25. gxf4 $142 gxf4 26. Nc1) 25... a5 $1 $11 26. Rb2 (26. gxf4 $11 axb4 27. Na2 (27. fxe5 bxc3 28. exf6 cxd2 $14) 27... gxf4 28. Nxb4) (26. bxa5 Na6) 26... axb4 $17 27. Rxb4 Bc8 28. a5 Na6 29. Rb2 Be6 ({Black should try} 29... Nc5 $17 {With the idea ...Be6.} 30. gxf4 gxf4) 30. Na4 $11 Bxc4 31. Nb6 Be6 (31... Bxe2 {simplifies} 32. Rxe2 fxg3+ 33. hxg3 Rf8) 32. Nc3 (32. gxf4 $1 $15 gxf4 33. Nc3) 32... Nc5 (32... g4 $17 33. gxf4 exf4) 33. Bf1 Ne8 (33... Nfd7 $17 34. Nc4 Ra8 35. Nd6+ Kf6 36. Nxb7 Nxb7 37. Rxb7 Rxa5) 34. Bc4 (34. gxf4 $11 {remains equal.} exf4 (34... gxf4 35. Nca4 $14) 35. Nca4 Nxa4 36. Nxa4) 34... Nc7 35. Bxe6+ (35. Rbb1 $15) 35... N7xe6 $17 36. Nc4 Kf6 $36 {[%emt 0:00:31][%mdl 2048] Black has strong initiative.} 37. Rd6 (37. Rb6 $17) 37... Ra8 (37... h4 $19 {And now ...hxg3+ would win.} 38. g4 Rd8 39. Rxd8 Nxd8) 38. Re2 Nb3 39. Nd5+ cxd5 $19 40. exd5 Nbd4 $1 (40... Nxa5 41. Nxe5 Rd8 (41... fxg3+ 42. hxg3 g4 43. dxe6 $14) 42. Rxe6+ Rxe6 43. dxe6 $11) 41. Rb2 Rc7 $1 42. Nd2 {[%emt 0:11:55] [#]} Ke7 $2 ({Better is} 42... Rxa5 $1 $19 43. dxe6 Ke7 (43... Nxe6 44. Ne4+ Kf5 45. Rdb6 $17) 44. Rd7+ Rxd7 (44... Kxe6 $2 45. Rxc7 fxg3+ 46. hxg3 $18) 45. exd7 Kxd7 46. Rxb7+ Kc6) 43. Rbb6 $2 {[%emt 0:01:36][%mdl 8192] This costs White the game.} (43. Rdb6 $11) 43... Rc2 (43... Nc5 44. Rh6 Rcc8 (44... Rxa5 45. d6+ Kd7 46. Rh7+ Kc8 47. Rxc7+ Kd8 48. Kf1 $14) (44... Nd3+ 45. Kg2 $11) 45. Ne4 fxg3+ (45... Rxa5 46. Rh7+ Kd8 47. Rd6+ Ke8 48. Rh8+ Ke7 49. Rh7+ Kf8 50. Rh8+ Ke7 51. Rh7+ Kf8 52. Rh8+ Ke7 $11) (45... Nxe4+ 46. fxe4 fxg3+ 47. Kxg3 $15) 46. Kg2 Rxa5 47. Rh7+ Ke8 (47... Kd8 48. Rd6+ Ke8 49. Nf6+ Kf8 50. Rdd7 $11) 48. Nf6+ Kf8 49. Rh8+ (49. Kxg3 $2 Rca8 $19) 49... Kf7 50. Rxc8 Ra2+ 51. Kxg3 Ne2+ 52. Kg2 Nf4+ 53. Kg1 $11) 44. Ke1 {[%emt 0:00:28] [#]} Rxa5 $1 {[%emt 0:04:44][%cal Od4f3] ( -> ...Nxf3+!)} 45. dxe6 (45. Rxe6+ Nxe6) 45... Ra1+ 46. Nb1 {[%emt 0:00:06] [#]} Rxb1+ $1 47. Rxb1 Kxd6 {[%emt 0:00:03] Weighted Error Value: White=0.58/Black=0.47.  Loses game:     	White=1     	---        Mistake:       	White=7     	Black=5      Inaccurate:     	White=6     	Black=5      OK:         	White=10    	Black=7      Best:        	White=1     	Black=2      Strong:       	---       	Black=2} 0-1

[Event "Austrian Women Bundesliga 2023-24"]
[Site "Austria"]
[Date "2024.04.12"]
[Round "7"]
[White "Wu, Min"]
[Black "Mihelic, Vesna"]
[Result "0-1"]
[ECO "C47"]
[WhiteElo "1938"]
[BlackElo "2140"]
[Annotator "TA"]
[PlyCount "158"]
[EventDate "2023.11.21"]
[EventType "team-tourn"]
[EventCountry "AUT"]
[SourceTitle "playchess.com"]
[Source "ChessBase"]
[SourceQuality "1"]
[TimeControl "40/5400+30:1800+30"]

1. e4 e5 2. Nf3 Nc6 3. Nc3 Nf6 4. d4 exd4 5. Nxd4 Bb4 6. Nxc6 bxc6 7. Bd3 d5 8. exd5 cxd5 9. O-O O-O 10. h3 {[%emt 0:00:04] C47: Scotch Four Knights and Four Knights with 4 g3.} Be6 11. Qf3 Rb8 12. Ne2 Bd6 13. Nd4 Qd7 $146 ({Predecessor:} 13... Rb6 14. Nxe6 fxe6 15. c4 c6 16. Qe2 e5 17. Be3 Rb7 18. Rad1 e4 19. Bb1 Bb8 20. cxd5 cxd5 {0-1 Mastrovasilis,D (2604)-Aronian,L (2773) Online Olym KO Stage rapid 2020 (1.1)}) 14. c3 c5 15. Nf5 Bxf5 16. Bxf5 Qc6 17. Rd1 Be5 18. Rb1 Qa4 19. a3 g6 20. Bd3 c4 21. Bg5 (21. Bf4 Bxf4 22. Qxf4 Rxb2 23. Qxf6 (23. Bxc4 $2 Nh5 $19) 23... cxd3 $17) (21. Bf1 $11 {keeps the balance.}) 21... cxd3 $17 22. Bxf6 Bxf6 23. Qxf6 Rxb2 $1 24. Ra1 (24. Qf3 $17 Rxb1 (24... Qxa3 25. Rxb2 Qxb2 26. Rxd3 $11) 25. Rxb1) 24... Qc4 25. Qf3 d2 (25... Qxc3 $6 26. Rxd3 Qc8 27. Rad1 $11 (27. Qxd5 Re8 $11) (27. Rxd5 Rd8 $11)) 26. Qe3 Rc8 27. Rxd2 Rxd2 (27... Qxc3 $2 28. Qxc3 (28. Rxd5 Qxe3 29. fxe3 Rcc2 $17) 28... Rxc3 29. Rxb2 $18) 28. Qxd2 Qxc3 29. Qxc3 Rxc3 30. Rd1 Rc5 31. Kf1 Kf8 32. Rb1 Ra5 33. Rb3 Ke7 34. Ke2 Ke6 35. Ke3 Ra4 36. g3 g5 37. Kd2 h6 38. Re3+ Re4 39. Rc3 Rc4 (39... Rd4+ $19 40. Ke2 Rc4) 40. Re3+ $17 Re4 (40... Kf6 $17 41. Rf3+ Kg6) 41. Rc3 $1 $19 Ra4 42. Re3+ $1 Kd6 43. Rf3 Ke5 44. Rxf7 Rxa3 45. Rh7 Ra2+ 46. Ke3 d4+ 47. Kf3 Ra3+ 48. Ke2 a5 49. Rxh6 a4 (49... Ra2+ $17 50. Kf3 a4) 50. h4 $11 gxh4 51. gxh4 Ke4 52. Re6+ Kd5 53. Ra6 Kc4 54. h5 Kb5 55. Ra8 Rh3 56. Rb8+ Kc4 57. Ra8 Kb3 (57... Kc3 $5 58. Rc8+ $8 Kb2 59. Rb8+ Kc2 60. Rc8+ Kb1 $15) 58. Rb8+ (58. f3 $1 $11) 58... Kc2 $15 59. Rc8+ Rc3 60. Rxc3+ dxc3 (60... Kxc3 $5 61. h6 $8 Kc2 $11) 61. h6 Kb1 62. h7 c2 63. h8=Q c1=Q (63... c1=R 64. Qb8+ Kc2 65. Qb4 Rg1 66. Qc4+ (66. Qxa4+ Kc3 $18) 66... Kb2 67. Qb4+ (67. Qxa4 Kc3 $18) 67... Kc2 68. Qxa4+ Kc3 69. Qe4) 64. Kf3 a3 65. Qh7+ $2 (65. Qe8 $15) 65... Qc2 $19 66. Qb7+ Kc1 67. Kg3 a2 (67... Qc3+ $142 68. Kh4 a2 69. Qh1+ Kc2 70. Qe4+ Kb3 71. Kh5 a1=Q (71... a1=B 72. Kg4 $11) 72. Qe6+ Kc2 73. Qe2+ Kc1 74. Qf1+ Kd2 75. Qxa1 Qxa1 76. Kg6 Qe5 (76... Qg1+ {gets mated.} 77. Kf7 Qxf2+ 78. Ke6 Qd4 79. Kf7 Kd3 80. Ke7 Ke4 81. Kf7 Qd6 82. Kg7 Kf5 83. Kh7 Qd7+ 84. Kh6 Kf6 85. Kh5 Qh3#) 77. Kf7 Qd6 (77... Qf4+ 78. Ke8 Qxf2 79. Ke7 Kd3 80. Ke6 Kd4 81. Kd7 Qf6 82. Ke8 Kd5 83. Kd7 Qg7+ 84. Kd8 Kd6 85. Ke8 Qg8#) 78. Ke8 Kd3 79. f3 Ke3 80. f4 Kxf4 (80... Qxf4 81. Kd7 Kd4 82. Kc6 Qf6+ 83. Kd7 Kc5 84. Ke8 Qg7 85. Kd8 Kd6 86. Ke8 Qg8#) 81. Kf7 Kf5 82. Ke8 Qc7 83. Kf8 Kf6 84. Kg8 Qg7#) 68. Qg7 $19 Kd2 $2 (68... Qd3+ $19 {is more deadly.} 69. Kg2 Qe4+ 70. Kh2 Kb1 71. Qg1+ Kc2) 69. Qh6+ $17 Kd3 70. Qh7+ {[%emt 0:00:16] [#]} (70. Qe3+ $142 Kc4 71. Qe6+ Kb5 72. Qe5+ Kc4 73. Qe6+ Kb5 74. Qe5+ Kb4 75. Qb8+ Ka3 76. Qe5) 70... Kc3 $1 $19 71. Qg7+ $2 (71. Qh8+ Kb3 72. Qb8+ Kc3 73. Qe5+ Kd2 74. Qe3+ Kd1 75. Qf3+ Kc1 (75... Ke1 76. Qh1+ Kd2 77. Qh6+ Kc3 78. Qh8+ Kc4 79. Qg8+ Kc3 80. Qh8+ $17) 76. Qa3+ Qb2 77. Qe3+ Qd2 78. Qe5 Qd3+ 79. Kg2) 71... Kb3 72. Qf7+ Qc4 73. Qb7+ Kc2 74. Qh1 Qc3+ 75. f3 a1=Q ({Weaker is} 75... a1=B 76. Qh7+ Kb2 77. Qe7 $11) 76. Qh7+ Qd3 77. Qh2+ Qd2 78. Qh7+ Kd1 79. Qe4 Qe1+ 0-1

[Event "Austrian Women Bundesliga 2023-24"]
[Site "Austria"]
[Date "2024.04.12"]
[Round "7"]
[White "Katter, Katharina"]
[Black "Heinatz, Gundula"]
[Result "1/2-1/2"]
[ECO "D25"]
[WhiteElo "1932"]
[BlackElo "2116"]
[Annotator "TA"]
[PlyCount "113"]
[EventDate "2023.11.21"]
[EventType "team-tourn"]
[EventCountry "AUT"]
[SourceTitle "playchess.com"]
[Source "ChessBase"]
[SourceQuality "1"]
[TimeControl "40/5400+30:1800+30"]

1. d4 Nf6 2. Nf3 d5 3. c4 dxc4 4. e3 c5 5. Bxc4 cxd4 6. exd4 g6 7. Qa4+ Nbd7 (7... Bd7 $11 {remains equal.} 8. Qb3 e6) 8. O-O {[%emt 0:10:52] White is clearly better.} e6 (8... h6 $16) 9. Re1 (9. d5 $18 e5 10. Nc3 (10. Nxe5 Bd6 $16)) 9... Bg7 10. d5 O-O 11. dxe6 fxe6 12. Bxe6+ Kh8 13. Qh4 {[%emt 0:04:42] White has more active pieces.} Nc5 14. Bxc8 Rxc8 15. Nc3 $1 Qd7 16. Ne5 {[%emt 0:15:37] Repels Qg4} Qf5 17. g4 $1 Nxg4 18. Nxg4 {[%emt 0:00:05] Strongly threatening Bh6.} Nd3 19. Rf1 (19. Rd1 $18 {has better winning chances.}) 19... Rc4 $16 {[%emt 0:01:28] [#]} 20. f4 $2 Nxc1 $1 $17 21. Raxc1 Rxf4 22. Ne3 ({Wrong is} 22. Rxf4 $2 Qxf4 23. Ne2 Bd4+ 24. Nxd4 Qxc1+ 25. Kg2 Qf1+ (25... Qxb2+ $2 26. Nf2 $19) 26. Kg3 Qd3+ 27. Kg2 Qxd4 $19) 22... Rxh4 23. Nxf5 gxf5 24. Rcd1 f4 {[%emt 0:03:22] ...f3 would now be deadly.} 25. Rf3 Be5 {[%emt 0:04:57] And now ...Rg8+ would win.} 26. Rd7 (26. Rd5 $15 Bb8 27. h3) 26... Rg8+ $19 27. Kh1 {[%emt 0:00:00] [#]} Rhg4 (27... Rg3 $1 $19 {[%cal Rg3f3] and Black stays clearly on top.} 28. Rdd3 Rhh3 29. Rd8+ Kg7) 28. Ne2 $17 Bxb2 29. Rxf4 Rxf4 30. Nxf4 {[%emt 0:00:01][%mdl 4096] Endgame. KRB-KRN} b5 31. Nd3 Bf6 32. h3 $2 (32. Rxa7 $2 {is the wrong capture.} Bd4 33. h4 Bxa7 $19) (32. Rb7 $15) 32... Rd8 $19 33. Nc5 (33. Rxd8+ $142 Bxd8 34. Nc5) 33... Rxd7 34. Nxd7 {[%emt 0:00:06] KB-KN} Kg7 35. Kg2 Bd4 36. Kf3 Kg6 37. Nf8+ {[%emt 0:00:33] [#]} Kh6 $1 38. Ke4 Bf2 39. Kf3 Bg1 40. Ke4 Kg7 $2 ({Black should play} 40... a5 $19 {White must now prevent ...b4.} 41. Nd7 Kh5 42. Nf6+ Kg6) 41. Ne6+ $11 Kg6 {[%emt 0:03:33] ...a5 is the strong threat.} 42. Nc7 $1 Kg5 43. Kf3 Kh4 44. Kg2 Bb6 45. Nxb5 {[%emt 0:00:10] The position is equal.} a6 46. Nc3 Kg5 47. Nd5 Ba5 48. Kf3 Kf5 49. Ne7+ Ke6 50. Nc6 Bc7 51. Ke4 Kd6 52. Nb4 a5 53. Nd3 Kc6 54. a4 Bg3 55. Nc1 Kc5 {[%emt 0:00:18] next ...Kb4 is good for Black.} 56. Nb3+ Kb4 57. Nxa5 $1 {[%emt 0:00:04] Black had all chances to win.   Weighted Error Value: White=0.29 (precise) /Black=0.21 (precise) .  Loses game:     	White=1     	---        Missed win:     	---       	Black=1      Mistake:       	White=5     	Black=3      Inaccurate:     	White=3     	Black=1      OK:         	White=18    	Black=13     Best:        	White=4     	Black=8      Strong:       	White=4     	Black=2} 1/2-1/2